 Dungeon Crawl Stone Soup version 0.19-a0-1007-g133f65f (webtiles) character file.

16203127 Xiguana the Conqueror (level 27, 288/288 HPs)
             Began as a Minotaur Berserker on July 19, 2016.
             Was the Champion of the Shining One.
             Escaped with the Orb
             ... and 15 runes on July 20, 2016!
             The game lasted 06:13:31 (97123 turns).

Xiguana the Conqueror (Minotaur Berserker)         Turns: 97123, Time: 06:13:32

Health: 288/288    AC: 52    Str: 40    XL:     27
Magic:  45/45      EV: 28    Int:  9    God:    the Shining One [******]
Gold:   15087      SH: 38    Dex: 19    Spells: 12 memorised, 10 levels left

rFire  + + +     SeeInvis +     z - +9 broad axe (holy)
rCold  + + +     Gourm    .     P - +12 gold dragon armour
rNeg   + + +     Faith    .     w - +8 large shield {reflect}
rPois  +         Spirit   .     (helmet unavailable)
rElec  +         Dismiss  .     k - +3 cloak "Fygem" {rC++}
rCorr  .         Reflect  +     W - +2 pair of gloves "Oggiomeh" {rPois rF+ rN+ Str+5}
SustAt +         Harm     .     C - +2 pair of boots of the Moon {+Inv rElec Str+2 Int+4}
MR     +++..                    r - amulet of Vitality {Regen+ HP+15}
Stlth  ..........               E - ring of Peutidoi {SustAt rF+ rN+ Int+3}
                                B - ring of Vanity {MR+ Int-2 Dex+7 SInv}

@: glowing, extremely resistant to hostile enchantments, extremely unstealthy
A: retaliatory headbutt, horns 3
a: Divine Shield, Cleansing Flame, Summon Divine Warrior, Renounce Religion,
Evoke Invisibility
0: Orb of Zot
}: 15/15 runes: barnacled, slimy, silver, golden, iron, obsidian, icy, bone,
abyssal, demonic, glowing, magical, fiery, dark, gossamer


You escaped.
You worshipped the Shining One.
The Shining One was exalted by your worship.
You were very full.

You visited 18 branches of the dungeon, and saw 90 of its levels.
You visited Pandemonium 1 time, and saw 44 of its levels.
You visited the Abyss 1 time.
You visited 1 bazaar.
You visited 1 ziggurat, and saw 12 of its levels.
You also visited: Ice Cave.

You collected 18228 gold pieces.
You spent 3141 gold pieces at shops.

Inventory:

Hand Weapons
 b - a +9 antimagic broad axe
 z - a +9 broad axe of holy wrath (weapon)
Armour
 k - the +3 cloak "Fygem" (worn) {rC++}
   (You found it on level 5 of the Vaults)

   It greatly protects you from cold.
 w - a +8 large shield of reflection (worn)
 C - the +2 pair of boots of the Moon (worn) {+Inv rElec Str+2 Int+4}
   (You bought it in a shop on level 2 of the Orcish Mines)

   It affects your strength (+2).
   It affects your intelligence (+4).
   It insulates you from electricity.
   It lets you turn invisible.
 P - a +12 gold dragon armour (worn)
 R - a +2 hat of magic resistance
 W - the +2 pair of gloves "Oggiomeh" (worn) {rPois rF+ rN+ Str+5}
   (You found it on level 3 of the Tomb of the Ancients)

   It affects your strength (+5).
   It protects you from fire.
   It protects you from poison.
   It protects you from negative energy.
Jewellery
 l - an uncursed ring of resist corrosion
 r - the amulet of Vitality (around neck) {Regen+ HP+15}
   (You took it off a greater mummy on level 1 of the Depths)

   [amulet of regeneration]

   It affects your health (+15).
   It increases your rate of regeneration.
 B - the ring of Vanity (left hand) {MR+ Int-2 Dex+7 SInv}
   (You found it on level 3 of the Elven Halls)

   [ring of see invisible]

   It affects your intelligence (-2).
   It affects your dexterity (+7).
   It affects your resistance to hostile enchantments.
   It lets you see invisible.
 E - the ring of Peutidoi (right hand) {SustAt rF+ rN+ Int+3}
   (You took it off a deep elf archer on level 1 of the Elven Halls)

   [ring of sustain attributes]

   It sustains your strength, intelligence and dexterity.
   It affects your intelligence (+3).
   It protects you from fire.
   It protects you from negative energy.
 U - the ring "Sosac" {rF+ rC+ MR+}
   (You found it in Pandemonium)

   [ring of protection from cold]

   It protects you from fire.
   It protects you from cold.
   It affects your resistance to hostile enchantments.
Wands
 g - a wand of digging (20/24)
 h - a wand of heal wounds (7/9)
 q - a wand of teleportation (8/9)
 u - a wand of hasting (8/9)
Scrolls
 a - 10 scrolls of enchant armour
 d - 16 scrolls of recharging
 e - 55 scrolls of remove curse
 n - 12 scrolls of fog
 o - 26 scrolls of teleportation
 p - 5 scrolls of holy word
 s - 26 scrolls of identify
 D - 6 scrolls of magic mapping
 F - 5 scrolls of silence
 G - 5 scrolls of blinking
 O - a scroll of summoning
 S - 6 scrolls of fear
 V - 3 scrolls of acquirement
Potions
 f - 7 potions of flight
 i - 2 potions of might
 j - a potion of ambrosia
 m - 2 potions of magic
 t - 2 potions of resistance
 x - a potion of cure mutation
 A - 8 potions of berserk rage
 J - 9 potions of agility
 K - 4 potions of haste
 N - 32 potions of curing
 Q - 6 potions of heal wounds
 X - 7 potions of cancellation
Books
 y - an Akashic Record

   Spells                             Type                      Level
   a - Dispersal                      Translocation                6
   b - Malign Gateway                 Summoning/Translocation      7
   c - Disjunction                    Translocation                8
   d - Controlled Blink               Translocation                8
 Z - a book of Enchantments

   Spells                             Type                      Level
   a - Cause Fear                     Hexes                        4
   b - Yara's Violent Unravelling     Hexes/Transmutation          5
   c - Silence                        Hexes/Air                    5
   d - Deflect Missiles               Charms/Air                   6
   e - Haste                          Charms                       6
   f - Discord                        Hexes                        8
Comestibles
 H - 55 fruits
 L - 11 royal jellies


   Skills:
 O Level 27 Fighting
 O Level 27 Axes
 O Level 27 Armour
 * Level 26.7 Dodging
 O Level 27 Shields
 * Level 19.6 Spellcasting
 + Level 10.9 Hexes
 + Level 13.2 Charms
 + Level 14.1 Translocations
 + Level 14.3 Air Magic
 O Level 27 Invocations


You had 10 spell levels left.
You knew the following spells:

 Your Spells              Type           Power        Failure   Level  Hunger
a - Summon Butterflies    Summ           #.......     24%         1    None
b - Shroud of Golubria    Chrm/Tloc      ####......   1%          2    None
c - Song of Slaying       Chrm           ####....     1%          2    None
d - Silence               Hex/Air        ####......   2%          5    #####..
e - Apportation           Tloc           ####......   1%          1    None
f - Blink                 Tloc           N/A          1%          2    None
g - Deflect Missiles      Chrm/Air       ####......   12%         6    ######.
h - Haste                 Chrm           ####....     14%         6    ######.
i - Controlled Blink      Tloc           N/A          100%        8    #######
j - Discord               Hex            ####......   100%        8    #######
k - Dispersal             Tloc           ####......   10%         6    ######.
l - Disjunction           Tloc           ####......   100%        8    #######


Dungeon Overview and Level Annotations

Branches:
Dungeon (15/15)            Temple (1/1) D:4            Lair (6/6) D:8
 Shoals (4/4) Lair:4       Spider (4/4) Lair:2        Slime (5/5) Lair:5
    Orc (2/2) D:9             Elf (3/3) Orc:2        Vaults (5/5) D:14
  Crypt (3/3) Vaults:2       Tomb (3/3) Crypt:3      Depths (5/5) D:15
   Hell (1/1)                 Dis (7/7) Hell            Geh (7/7) Hell
    Coc (7/7) Hell            Tar (7/7) Hell            Zot (5/5) Depths:5

Altars:
Ashenzari
Cheibriados
Dithmenos
Elyvilon
Fedhas
Gozag
Hepliaklqana
Kikubaaqudgha
Makhleb
Nemelex Xobeh
Okawaru
Pakellas
Qazlal
Ru
Sif Muna
Trog
Uskayaw
Vehumet
Xom
Yredelemnul
Zin
The Shining One
Beogh
Jiyva
Lugonu

Shops:
D:8 [   D:9 ([   D:14 %   Orc:2 [=[   Elf:2 :}=}   Vaults:1 =*:   Vaults:2 :
Depths:3 !(*

Portals:
Hell: Lair:6 Depths:1 Depths:2 Depths:3 Depths:4 Depths:5
Abyss: Crypt:2 Depths:3 Depths:4
Pandemonium: Depths:2 Depths:3
Trove: D:13 (give 2 scrolls of acquirement)

Annotations:
Depths:2 exclusion: door Trove 2 acq


Innate Abilities, Weirdness & Mutations

You reflexively headbutt those who attack you in melee.
You have a pair of large horns on your head.


Message History

There is a stone staircase leading down here.
There is an open door here.
A sixfirhy comes into view.
Press: ? - help, v - describe, . - travel A rock wall.
This square is lit by a halo and is covered in magical glow.
There is an open door here.
Your gold dragon armour prevents you from hitting the sixfirhy.
Your headbutt misses the sixfirhy. You slice the sixfirhy!!
The sixfirhy convulses!!
You kill the sixfirhy!
The Shining One accepts your kill.
There is an open door here.
You see here a robe.
There is a staircase leading out of the dungeon here.
You start eating one of the 12 royal jellies.
You continue eating. x2
You finish eating.
That royal jelly was delicious!
You can't go down here!
You have escaped!

##.# #.....#.#### ...###
##...##....#
.....######'###.##.#
#.......###.##..##.###
#..###......(..###...##
##..#.#.......######..#
###..###.#...##...###.#
####.......#.#...).##.#####
..#####.#.#⌠.'.[@..#...)..##
..# #...####.....#...÷÷..##
..# ###.# ##...##........#
..# #.## #####.........# ..#
#..## #.....)....# ..# #...#
#.....)÷...# ###########'##
#..........# ....#...##...##
##........## ###.....#.....#
#..........#


There were no monsters in sight!

Vanquished Creatures
  Cerebov (Pan)
  Antaeus (Coc:7)
  Asmodeus (Geh:7)
  the Royal Jelly (Slime:5)
  Gloorx Vloq (Pan)
  Ereshkigal (Tar:7)
  Lom Lobon (Pan)
  A seraph (Pan)
  the Serpent of Hell (Dis:7)
  Mnoleg (Pan)
  2 orbs of fire (Zot:5)
  Dispater (Dis:7)
  Mennas (Pan)
  A juggernaut (Depths:4)
  25 pandemonium lords
  29 greater mummies
  7 ancient liches
  Frederick (Depths:5)
  Boris (Depths:3)
  6 shard shrikes
  Margery (Depths:3)
  Bai Suzhen (Depths:1)
  Saint Roka (Orc:2)
  2 curse toes
  6 Killer Klowns (Zot:5)
  Geryon (Hell)
  4 iron giants
  12 golden dragons
  2 profane servitors (Pan)
  2 electric golems (Zot:5)
  A pearl dragon (Pan)
  Arachne (Spider:2)
  2 hellephants (Pan)
  26 Tzitzimimeh
  8 bone dragons
  24 Brimstone Fiends
  21 liches
  Jorgrun (Crypt:3)
  Rupert (D:14)
  3 doom hounds
  22 Hell Sentinels
  14 Ice Fiends
  A shard shrike skeleton (Crypt:2)
  28 Orb Guardians
  16 tentacled monstrosities
  11 titans
  3 deep elf blademasters
  A deep elf master archer (Elf:3)
  6 quicksilver dragons
  6 acid blobs (Slime:5)
  6 death cobs
  Frances (Spider:2)
  10 sphinxes
  2 tentacled starspawn
  2 eldritch tentacles
  A thorn hunter (Zig:6)
  15 ancient champions
  Polyphemus (Shoals:2)
  2 krakens
  37 Executioners
  9 shadow dragons
  Kirke (D:13)
  Ilsuiw (Shoals:4)
  10 tengu reavers
  Gastronok (D:8)
  2 azure jellies (Slime:5)
  15 daevas (Pan)
  12 fire giants
  18 storm dragons
  5 draconian monks
  7 revenants
  5 deep elf sorcerers
  The ghost of p0werm0de the Warrior, a journeyman DsAs of Cheibriados (D:15)
  5 draconian knights
  14 frost giants
  31 balrugs
  14 warmongers (Pan)
  Louise (D:15)
  4 ghost moths
  20 vault wardens
  An emperor scorpion (Spider:4)
  4 draconian scorchers
  19 ghouls
  33 cacodemons
  Aizul (Vaults:4)
  12 draconian annihilators
  6 curse skulls
  A caustic shrike zombie (Depths:3)
  6 iron dragons
  5 draconian shifters
  7 deep elf elementalists
  5 draconian zealots
  13 war gargoyles
  6 spriggan defenders
  37 very ugly things
  25 angels (Pan)
  14 ophanim (Pan)
  5 draconian callers
  31 stone giants
  2 elemental wellsprings
  22 apis (Pan)
  6 entropy weavers
  14 ironheart preservers
  65 reapers
  19 corrupters
  13 vampire knights
  19 blood saints (Pan)
  10 green draconians
  24 chaos champions (Pan)
  10 bennus
  Azrael (Orc:2)
  11 deep elf annihilators
  10 purple draconians
  9 red draconians
  20 lorocyprocas
  6 white draconians
  11 black draconians
  A dire elephant (Lair:6)
  The ghost of Torax the Cruncher, a journeyman DrWr of Nemelex Xobeh (Lair:6)
  8 deep elf demonologists
  11 spark wasps
  7 mottled draconians
  5 yellow draconians
  10 black suns (Pan)
  Snorg (Orc:2)
  7 eidola
  55 blizzard demons
  12 deep elf death magi
  12 ettins
  2 death oozes (Slime:5)
  5 merfolk javelineers
  A kraken zombie (Hell)
  32 green deaths (Pan)
  8 rakshasas
  A spectral kraken (Tar:7)
  7 jiangshi
  23 mummy priests
  10 great orbs of eyes
  12 fire dragons
  6 merfolk impalers
  A quicksilver dragon skeleton (Tomb:1)
  13 yaktaur captains
  6 deep elf high priests
  6 quicksilver dragon zombies
  33 ice dragons
  29 monstrous demonspawn (Pan)
  9 spriggan air magi
  3 hydras
  34 vault guards
  3 merfolk avatars
  12 hell beasts
  9 centaur warriors
  2 juggernaut simulacra (Pan)
  8 death yaks
  A catoblepas (Shoals:2)
  29 dancing weapons
  8 death knights
  2 merfolk aquamancers
  Erica (D:8)
  An alligator snapping turtle (Shoals:4)
  17 ogre magi
  47 death scarabs
  11 deep troll shamans
  2 satyrs
  2 orc high priests
  10 vampire magi
  2 titan zombies
  4 tengu warriors
  Urug (D:11)
  10 deep troll earth magi
  23 hell hogs
  6 thrashing horrors
  35 hell knights
  91 soul eaters
  5 shock serpents
  24 deep elf knights
  3 storm dragon zombies
  114 sun demons
  6 iron golems
  11 shadow wraiths
  3 titan skeletons
  13 iron trolls
  102 skeletal warriors
  2 fire crabs (shapeshifter)
  2 golden dragon zombies
  3 wretched stars
  2 spatial maelstroms
  6 unseen horrors
  3 storm dragon skeletons
  17 sea snakes
  17 cherubim (Pan)
  30 deep trolls
  17 flayed ghosts
  A swamp dragon (Zig:6)
  A death drake (Zig:12)
  21 infernal demonspawn (Pan)
  10 anaconda zombies
  9 wizards
  2 giant orange brains
  10 small abominations
  A giant orange brain (shapeshifter) (Elf:1)
  30 harpies
  A ghost moth zombie (Coc:3)
  5 shadow dragon zombies
  12 deep elf archers
  17 gelid demonspawn (Pan)
  23 putrid demonspawn
  A spriggan druid (Zig:6)
  2 golden dragon skeletons
  2 obsidian statues
  An orange crystal statue (Vaults:1)
  39 shadow demons
  12 torturous demonspawn (Pan)
  87 large abominations
  3 shining eyes
  2 sphinx zombies
  25 ironbrand convokers
  11 hill giants
  34 anubis guards
  24 phantasmal warriors
  6 necromancers
  A wolf spider zombie (Dis:3)
  13 orc knights
  15 griffons
  3 anaconda skeletons
  4 orc sorcerers
  21 orb spiders
  70 deep elf magi
  4 stone giant zombies
  A harpy (shapeshifter) (Depths:3)
  4 iron dragon zombies
  The ghost of Shenda the Carver, a novice VSFi of Okawaru (D:7)
  52 ugly things
  A hornet (shapeshifter) (Vaults:2)
  2 mana vipers (shapeshifter)
  7 hornets
  7 fire giant zombies
  2 shadow dragon skeletons (Crypt:3)
  17 fauns
  7 oklob plants
  40 wolf spiders
  3 iron dragon skeletons
  11 manticores
  2 octopodes (shapeshifter)
  A moth of wrath (shapeshifter) (Depths:1)
  2 salamanders (shapeshifter)
  A worldbinder (Zig:8)
  56 sixfirhies
  3 frost giant zombies
  2 centaur zombies
  6 ice statues
  4 stone giant skeletons
  24 rust devils
  3 black mambas
  22 moths of wrath
  7 frost giant skeletons
  2 titan simulacra (Coc:7)
  5 dire elephant zombies
  9 cyclopes
  3 torpor snails
  6 water nymphs
  9 molten gargoyles
  Psyche (D:11)
  An apocalypse crab (Abyss:1)
  17 vault sentinels
  87 smoke demons
  6 fire giant skeletons
  12 sirens
  52 orange demons
  2 storm dragon simulacra
  A torpor snail (shapeshifter) (Elf:3)
  A spriggan skeleton (Depths:3)
  A green draconian zombie (Tar:2)
  13 spiny frogs
  7 spectral swamp worms (Tar:7)
  2 kobold demonologists (D:11)
  3 emperor scorpion zombies
  4 komodo dragons
  A catoblepas zombie (Geh:2)
  A death yak zombie (Crypt:2)
  4 rime drakes
  2 anaconda simulacra (Coc:7)
  27 yaktaurs
  32 freezing wraiths
  42 hellions
  32 demonic crawlers
  4 dire elephant skeletons
  A mottled draconian skeleton (Crypt:1)
  45 ice devils
  A redback zombie (Crypt:2)
  A mottled draconian zombie (Dis:6)
  10 efreet
  3 ancient zymes
  42 tormentors
  52 hellwings
  40 guardian mummies
  A yaktaur (shapeshifter) (Vaults:1)
  11 trolls
  43 jumping spiders
  30 merfolk
  A queen bee (shapeshifter) (Vaults:3)
  2 harpy zombies
  A minotaur zombie (Geh:2)
  53 red devils
  10 hydra zombies
  28 polar bears
  A queen bee (Lair:1)
  3 tengu conjurers
  38 two-headed ogres
  Prince Ribbit (D:8)
  6 harpy skeletons
  A minotaur skeleton (Crypt:3)
  9 blink frogs
  A tengu simulacrum (Depths:3)
  3 wind drakes
  2 ice dragon zombies
  8 snapping turtles
  6 hydra skeletons
  86 slime creatures
  11 raiju
  A meliai zombie (D:14)
  5 bog bodies
  2 raiju (shapeshifter)
  20 ushabtiu
  4 alligator zombies
  A fire dragon zombie (Dis:6)
  7 ettin zombies
  4 boulder beetles
  15 air elementals
  A frost giant simulacrum (Vaults:4)
  2 stone giant simulacra
  23 starcursed masses
  84 ynoxinuls
  47 flying skulls
  5 ice dragon skeletons
  2 alligator skeletons
  3 ettin skeletons
  48 redbacks
  A vampire (D:11)
  7 fire dragon skeletons
  31 yaks
  2 spriggans (shapeshifter)
  19 shadows
  A black mamba zombie (Geh:4)
  16 tarantellas
  2 fire bats (shapeshifter)
  6 spriggans
  A wyvern (D:14)
  30 fire elementals
  16 humans (D:14)
  29 wraiths
  8 hippogriffs
  22 water elementals
  The ghost of George the Slasher, an amateur MiFi (D:3)
  A basilisk (shapeshifter) (Vaults:2)
  7 fire bats
  A basilisk (Abyss:1)
  66 chaos spawn
  A human (shapeshifter) (Vaults:4)
  A hungry ghost (Coc:7)
  18 golden eyes
  3 hogs (D:13)
  A black mamba skeleton (Pan)
  52 neqoxecs
  A steam dragon (D:11)
  Menkaure (D:5)
  A mottled dragon (Vaults:2)
  An infernal demonspawn zombie (Crypt:2)
  4 vampire mosquitoes (D:14)
  5 wargs
  5 spatial vortices
  2 insubstantial wisps (Zig:5)
  3 spiny frog zombies
  5 hydra simulacra
  A human zombie (Zig:9)
  Duvessa (D:6)
  9 water moccasins
  A monstrous demonspawn skeleton (Crypt:3)
  12 black bears
  46 hell hounds
  58 orc warriors
  A deep troll skeleton (Crypt:2)
  4 giant eyeballs
  21 ice beasts
  5 snapping turtle zombies
  3 spiny frog skeletons
  A swamp drake (Zig:6)
  3 phantoms
  6 sky beasts
  3 swamp dragon zombies
  An ettin simulacrum (Coc:7)
  18 necrophages
  10 boggarts
  9 wasps
  A black bear (shapeshifter) (Elf:1)
  A manticore skeleton (Pan)
  3 eyes of draining
  A boggart (shapeshifter) (Depths:5)
  24 wolves
  An elf skeleton (Vaults:2)
  28 centaurs
  66 ogres
  A snapping turtle skeleton (Coc:2)
  7 human skeletons
  2 swamp dragon skeletons
  A blink frog skeleton (Crypt:1)
  7 crocodiles
  4 big kobolds
  8 elf zombies
  Blork the orc (D:5)
  A wyvern zombie (Crypt:2)
  12 giant frogs
  4 earth elementals
  A komodo dragon skeleton (Crypt:1)
  2 spiny frog simulacra
  Dowan (D:6)
  2 water moccasin skeletons
  6 scorpions
  A shapeshifter zombie (Crypt:1)
  A troll zombie (Crypt:3)
  A spriggan zombie (Geh:5)
  An elf simulacrum (Vaults:3)
  28 killer bees
  44 wights
  A snapping turtle simulacrum (Coc:4)
  6 howler monkeys
  3 electric eels
  22 crimson imps
  5 quasits
  4 hounds
  3 centaur skeletons
  2 giant frog zombies
  19 iron imps
  6 jellies
  A wolf skeleton (Crypt:3)
  Crazy Yiuf (D:4)
  22 orc priests
  4 giant frog skeletons
  12 iguanas
  24 orc wizards
  8 worker ants
  4 hell rats (Hell)
  12 sheep
  A sky beast zombie (Crypt:2)
  A mottled dragon zombie (Crypt:1)
  2 tengu zombies
  An ogre skeleton (Geh:7)
  36 mummies
  Robin (D:2)
  A howler monkey skeleton (D:9)
  A worker ant zombie (D:8)
  9 gnolls
  16 adders
  55 river rats
  12 shadow imps
  22 white imps
  3 ufetubi
  5 oozes
  A halfling zombie (Crypt:1)
  3 adder skeletons
  4 adder zombies
  2 worms (D:2)
  A dart slug (D:3)
  4 giant geckos
  104 orcs
  6 giant cockroaches
  11 goblins
  8 hobgoblins
  15 jackals
  34 kobolds
  4 quokkas
  3 ball pythons
  A ball python skeleton (Crypt:3)
  3 bats
  5 giant newts
  A kobold simulacrum (Tar:6)
  A kobold zombie (Dis:5)
  2 orc zombies
  2 quokka skeletons
  2 quokka zombies (D:6)
  11 rats
  A block of ice (Pan)
  3 bushes
  A crawling corpse (Vaults:5)
  2 demonic plants
  A fire vortex (Geh:2)
  3 fungi
  A lurking horror (Abyss:2)
  20 plants
  3 starspawn tentacles
  9 tentacles
  17 withered plants (Crypt:3)
5640 creatures vanquished.

Vanquished Creatures (collateral kills)
  A shard shrike (Coc:7)
  3 pandemonium lords (Pan)
  A bone dragon (Dis:7)
  3 Brimstone Fiends
  A Tzitzimitl (Tar:7)
  An iron giant (Dis:7)
  2 liches (Abyss:3)
  An Ice Fiend (Coc:7)
  2 tentacled monstrosities
  2 Hell Sentinels
  An acid blob (Slime:5)
  A titan (Vaults:5)
  An Executioner (Pan)
  An iron dragon (Dis:7)
  A ghost moth (Spider:4)
  2 balrugs
  A black sun (Pan)
  A deep elf sorcerer (Abyss:3)
  2 frost giants (Vaults:5)
  2 vault wardens (Vaults:5)
  A caustic shrike zombie (Zig:9)
  2 emperor scorpions (Spider:4)
  6 cacodemons
  4 reapers
  A blood saint (Pan)
  2 corrupters (Pan)
  An entropy weaver (Spider:2)
  4 lorocyprocas (Pan)
  A black draconian (Zot:5)
  A deep elf annihilator (Vaults:5)
  5 blizzard demons
  7 green deaths (Pan)
  A great orb of eyes (Vaults:5)
  An ogre mage (Abyss:3)
  2 vault guards (Vaults:5)
  A monstrous demonspawn (Pan)
  3 ice dragons (Coc:7)
  A hydra (Lair:6)
  A merfolk aquamancer (Shoals:2)
  A death scarab (Tomb:1)
  2 thrashing horrors (Zig:12)
  A titan skeleton (Coc:7)
  A storm dragon zombie (Geh:7)
  6 sun demons
  2 iron trolls
  A skeletal warrior (Dis:7)
  A shadow wraith (Pan)
  3 shadow demons
  A torturous demonspawn (Pan)
  2 gelid demonspawn (Pan)
  A deep elf archer (Vaults:5)
  A shadow dragon zombie (Geh:7)
  A putrid demonspawn (Pan)
  A necromancer (Vaults:5)
  A frost giant zombie (Tar:7)
  3 deep elf magi (Vaults:5)
  A moth of wrath (Zot:5)
  2 hornets
  An oklob plant (Zig:9)
  A worldbinder (Zig:8)
  8 sixfirhies
  2 large abominations (Pan)
  A frost giant skeleton (Geh:7)
  3 orange demons (Pan)
  2 spectral swamp worms (Tar:7)
  An iron dragon skeleton (Coc:7)
  A titan simulacrum (Coc:7)
  4 smoke demons (Pan)
  A vault sentinel (Vaults:5)
  A spriggan zombie (Zig:9)
  3 tormentors
  An efreet (Abyss:3)
  2 demonic crawlers (Pan)
  A freezing wraith (Coc:7)
  A dire elephant skeleton (Pan)
  2 ice devils
  A hellwing (Pan)
  6 red devils
  A jumping spider (Spider:2)
  3 hydra zombies (Coc:7)
  A two-headed ogre (Vaults:5)
  2 raiju (Abyss:3)
  An ettin zombie (Coc:7)
  An alligator skeleton (Geh:7)
  3 water elementals
  A wraith (Zig:9)
  A ynoxinul (Pan)
  5 neqoxecs (Pan)
  8 chaos spawn
  A giant eyeball (Pan)
  A snapping turtle zombie (Dis:7)
  An ogre (Depths:2)
  2 starcursed masses
  2 iron imps (Zig:9)
  A tentacle (Tar:7)
185 creatures vanquished.

Vanquished Creatures (others)
  A pandemonium lord (Pan)
  Boris (Tomb:2)
  3 deep elf master archers (Elf:3)
  A tentacled starspawn (Zig:8)
  2 eldritch tentacles (Pan)
  A reaper (Pan)
  A spriggan defender (Depths:4)
  A blood saint (Pan)
  2 corrupters (Pan)
  5 merfolk javelineers (Shoals:4)
  A deep elf high priest (Elf:3)
  An ice dragon (Depths:3)
  3 centaur warriors
  4 satyrs
  36 death scarabs (Tomb:2)
  3 hell hogs (Dis:5)
  A cherub (Pan)
  A shadow dragon zombie (Tomb:2)
  2 deep elf archers
  2 deep elf magi
  An orb spider (Spider:4)
  A faun (Shoals:1)
  3 cyclopes
  A manticore (Shoals:4)
  2 sixfirhies
  A hellion (Geh:7)
  A tormentor (Geh:7)
  A hellwing (Pan)
  2 yaktaurs
  A guardian mummy (Tomb:2)
  A jumping spider (Spider:2)
  A merfolk (Shoals:2)
  A raiju (Zig:8)
  A large abomination (D:14)
  A tarantella (Spider:2)
  8 flying skulls (Tomb:2)
  2 ynoxinuls (Pan)
  A fire elemental (Geh:6)
  A fire bat (Abyss:3)
  A neqoxec (Pan)
  A chaos spawn (Pan)
  3 hell hounds
  An orc warrior (Orc:2)
  7 centaurs
  A starcursed mass (Zig:12)
  A hell rat (Hell)
  A sheep (Shoals:2)
  A river rat (Lair:4)
  A shadow imp (D:14)
  5 ball lightnings (Pan)
  2 orcs (Orc:2)
  2 kobolds
  A block of ice (Pan)
  A bush (Elf:2)
  A demonic plant (Pan)
  237 eldritch tentacle segments
  2 fungi (D:8)
  2 lurking horrors
  65 plants
  9 starspawn tentacles
  41 starspawn tentacle segments
  24 tentacles
  406 tentacle segments
919 creatures vanquished.

Grand Total: 6744 creatures vanquished

Notes
Turn   | Place    | Note
-------+----------+-------------------------------------------
     0 | D:1      | Xiguana the Minotaur Berserker began the quest for the Orb.
     0 | D:1      | Reached XP level 1. HP: 19/19 MP: 0/0
    19 | D:1      | Reached XP level 2. HP: 27/27 MP: 1/1
   183 | D:1      | Reached XP level 3. HP: 9/33 MP: 2/2
   352 | D:1      | Reached ** piety under Trog
   557 | D:2      | Found a shattered altar of Ashenzari.
   615 | D:2      | Noticed Robin
   630 | D:2      | Killed Robin
   631 | D:2      | Reached XP level 4. HP: 41/41 MP: 3/3
  1086 | D:2      | Found a shimmering altar of Xom.
  1089 | D:2      | Found a bloodstained altar of Trog.
  1092 | D:2      | Found a basalt altar of Yredelemnul.
  1320 | D:3      | Found a blossoming altar of Fedhas.
  1334 | D:3      | Reached skill level 5 in Fighting
  1360 | D:3      | Reached *** piety under Trog
  1598 | D:3      | Reached XP level 5. HP: 32/48 MP: 4/4
  1692 | D:3      | Reached skill level 5 in Axes
  2119 | D:4      | Reached XP level 6. HP: 57/57 MP: 5/5
  2440 | D:4      | Found a runed door.
  2513 | D:4      | Found a staircase to the Ecumenical Temple.
  3099 | D:4      | Noticed Crazy Yiuf
  3103 | D:4      | Killed Crazy Yiuf
  3166 | D:5      | Entered Level 5 of the Dungeon
  3171 | D:5      | Noticed Menkaure
  3179 | D:5      | Killed Menkaure
  3179 | D:5      | Reached XP level 7. HP: 51/64 MP: 6/6
  3236 | D:5      | Reached **** piety under Trog
  3292 | D:5      | Noticed Blork the orc
  3305 | D:5      | Killed Blork the orc
  3329 | D:5      | Found an opulent altar of Gozag.
  3883 | D:6      | Reached skill level 5 in Armour
  3962 | D:6      | Reached XP level 8. HP: 67/73 MP: 7/7
  4021 | D:6      | Noticed Duvessa
  4027 | D:6      | Killed Duvessa
  4028 | D:6      | Noticed Dowan
  4033 | D:6      | Killed Dowan
  4092 | D:6      | Reached skill level 5 in Dodging
  4636 | D:7      | Reached ***** piety under Trog
  4685 | D:7      | Noticed Shenda's ghost (novice VSFi)
  4697 | D:7      | Killed Shenda's ghost
  4697 | D:7      | Reached XP level 9. HP: 84/84 MP: 8/8
  5145 | D:7      | Reached skill level 10 in Fighting
  5215 | D:8      | Reached skill level 10 in Axes
  5265 | D:8      | Found Weseitam's Antique Armour Emporium.
  5275 | D:8      | Bought a glowing chain mail for 112 gold pieces
  5328 | D:8      | Noticed Erica
  5336 | D:8      | Killed Erica
  5336 | D:8      | Reached XP level 10. HP: 91/94 MP: 9/9
  5339 | D:8      | Noticed Gastronok
  5352 | D:8      | Killed Gastronok
  5397 | D:8      | Found a staircase to the Lair.
  5398 | D:8      | Noticed Prince Ribbit
  5400 | D:8      | Received a gift from Trog
  5409 | D:8      | Killed Prince Ribbit
  5414 | D:8      | Killed an unseen horror
  5879 | D:8      | Reached skill level 1 in Shields
  6392 | D:9      | Reached XP level 11. HP: 98/104 MP: 10/10
  6469 | D:9      | Found Fokk's Armour Emporium.
  6470 | D:9      | Found a staircase to the Orcish Mines.
  6484 | D:9      | Found Lang's Weapon Emporium.
  6693 | D:9      | Gained mutation: Your system is resistant to poisons. (rPois) [potion of mutation]
  6693 | D:9      | Gained mutation: You are partially covered in thin metallic scales. (AC +2) [potion of mutation]
  6693 | D:9      | Lost mutation: You are partially covered in thin metallic scales. (AC +2) [potion of mutation]
  6701 | D:8      | Found a burning altar of Makhleb.
  6747 | Lair:1   | Entered Level 1 of the Lair of Beasts
  7170 | Lair:1   | Reached skill level 5 in Shields
  7340 | Lair:2   | Found a frozen archway.
  7374 | Lair:2   | Received a gift from Trog
  7417 | IceCv    | Entered an ice cave
  7672 | IceCv    | Received a gift from Trog
  7760 | IceCv    | Noticed a death yak
  7764 | IceCv    | Reached XP level 12. HP: 115/115 MP: 11/11
  7773 | IceCv    | Killed a death yak
  7913 | IceCv    | Noticed a frost giant
  7938 | IceCv    | Killed a frost giant
  7938 | IceCv    | Reached skill level 10 in Armour
  8399 | Lair:2   | Found a hole to the Spider Nest.
  8469 | Lair:2   | Reached ****** piety under Trog
  8671 | Lair:2   | Noticed a death yak
  8685 | Lair:2   | Killed a death yak
  9030 | Lair:3   | Received a gift from Trog
  9552 | Lair:3   | Reached XP level 13. HP: 125/125 MP: 12/12
 10441 | Lair:4   | Found a staircase to the Shoals.
 10791 | Lair:5   | Found a viscous altar of Jiyva.
 10791 | Lair:5   | Found a staircase to the Slime Pits.
 11629 | Lair:6   | Entered Level 6 of the Lair of Beasts
 11643 | Lair:6   | Received a gift from Trog
 11671 | Lair:6   | Noticed Torax's ghost (journeyman DrWr)
 11757 | Lair:6   | Killed Torax's ghost
 11757 | Lair:6   | Reached skill level 15 in Fighting
 11831 | Lair:6   | Reached skill level 15 in Axes
 12311 | Lair:6   | Noticed a dire elephant
 12327 | Lair:6   | Killed a dire elephant
 12327 | Lair:6   | Reached skill level 10 in Shields
 12368 | Lair:6   | Reached skill level 10 in Dodging
 12490 | Lair:6   | Found a burning altar of Makhleb.
 12513 | Lair:6   | Found a gateway to Hell.
 12904 | Spider:1 | Entered Level 1 of the Spider Nest
 12956 | Spider:1 | Reached XP level 14. HP: 81/136 MP: 13/13
 13538 | Spider:1 | Received a gift from Trog
 13767 | Spider:2 | Noticed Frances
 13785 | Spider:2 | Killed Frances
 14189 | Spider:2 | Noticed an entropy weaver
 14235 | Spider:2 | Killed an entropy weaver
 14790 | Spider:2 | Noticed Arachne
 14807 | Spider:2 | Killed Arachne
 14959 | Spider:2 | Noticed an entropy weaver
 14977 | Spider:2 | Killed an entropy weaver
 15594 | Spider:3 | Noticed an entropy weaver
 15603 | Spider:3 | Reached XP level 15. HP: 139/146 MP: 14/14
 15866 | Spider:4 | Entered Level 4 of the Spider Nest
 15878 | Spider:4 | Received a gift from Trog
 16576 | Spider:4 | Noticed a ghost moth
 16777 | Spider:4 | Noticed a ghost moth
 16777 | Spider:4 | Killed a ghost moth
 16792 | Spider:4 | Killed a ghost moth
 17879 | Spider:4 | Noticed a ghost moth
 17883 | Spider:4 | Noticed a ghost moth
 17888 | Spider:4 | Killed a ghost moth
 17889 | Spider:4 | Killed a ghost moth
 17902 | Spider:4 | Received a gift from Trog
 17976 | Spider:4 | Got a gossamer rune of Zot
 18665 | Shoals:1 | Entered Level 1 of the Shoals
 19029 | Shoals:1 | Reached XP level 16. HP: 80/157 MP: 15/15
 19396 | Shoals:1 | Noticed a kraken
 19413 | Shoals:1 | Killed a kraken
 19855 | Shoals:2 | Received a gift from Trog
 20211 | Shoals:2 | Noticed Polyphemus
 20717 | Shoals:2 | Killed Polyphemus
 21633 | Shoals:4 | Entered Level 4 of the Shoals
 21771 | Shoals:4 | Reached skill level 15 in Shields
 21810 | Shoals:4 | Got a barnacled rune of Zot
 21837 | Shoals:4 | Noticed Ilsuiw
 21913 | Shoals:4 | Killed Ilsuiw
 22543 | Shoals:4 | Reached XP level 17. HP: 84/168 MP: 16/16
 22791 | Shoals:4 | Noticed a kraken
 22809 | Shoals:4 | Killed a kraken
 22860 | Shoals:4 | Received a gift from Trog
 22864 | Shoals:4 | Got a transparent broad axe {god gift}
 22989 | Shoals:4 | Identified the +9 broad axe of Judibbat {chop, *Noise rElec Int+8} (Trog gifted it to you on level 4 of the Shoals)
 23590 | D:10     | Entered Level 10 of the Dungeon
 24130 | D:10     | Got a pair of polished gloves
 24144 | D:10     | Identified the +1 pair of gloves "Zairghoxe" {-Tele +Inv +Fly Regen+} (You found it on level 10 of the Dungeon)
 24532 | D:11     | Found an oddly glowing altar of Pakellas.
 24713 | D:11     | Found a roughly hewn altar of Beogh.
 24718 | D:11     | Received a gift from Trog
 24875 | D:11     | Received a gift from Trog
 25015 | D:11     | Noticed Psyche
 25015 | D:11     | Noticed Urug
 25023 | D:11     | Killed Psyche
 25029 | D:11     | Killed Urug
 25962 | D:13     | Found a portal to a secret trove of treasure.
 25985 | D:13     | Found a shimmering altar of Xom.
 26848 | D:13     | Noticed Kirke
 26871 | D:13     | Killed Kirke
 27102 | D:14     | Found a gate to the Vaults.
 27109 | D:14     | Received a gift from Trog
 27134 | D:14     | Noticed Rupert
 27148 | D:14     | Killed Rupert
 27180 | D:14     | Got a twisted shortbow {god gift}
 27242 | D:14     | Found Jer Lap's Food Emporium.
 27669 | D:15     | Entered Level 15 of the Dungeon
 27719 | D:15     | Found a staircase to the Depths.
 27770 | D:15     | Received a gift from Trog
 27784 | D:15     | Found a sacrificial altar of Ru.
 27863 | D:15     | Noticed p0werm0de's ghost (journeyman DsAs)
 27866 | D:15     | Noticed Louise
 27893 | D:15     | Killed p0werm0de's ghost
 27893 | D:15     | Reached XP level 18. HP: 178/178 MP: 17/17
 27895 | D:15     | Killed Louise
 27922 | D:15     | Got an ichor-stained battleaxe
 27923 | D:15     | Identified the +6 battleaxe of the Vestibule of Hell {drain, rElec rN+} (You found it on level 15 of the Dungeon)
 28332 | Lair:1   | Identified the +9 shortbow "Saziddov" {speed, +Fly MR+ Str+2} (Trog gifted it to you on level 14 of the Dungeon)
 28490 | Vaults:1 | Entered Level 1 of the Vaults
 28674 | Orc:1    | Entered Level 1 of the Orcish Mines
 28978 | Orc:2    | Entered Level 2 of the Orcish Mines
 28978 | Orc:2    | Found a staircase to the Elven Halls.
 29024 | Orc:2    | Found a flickering gateway to a bazaar.
 29029 | Bazaar   | Entered a bazaar
 29029 | Bazaar   | Found Giostret's Weapon Emporium.
 29029 | Bazaar   | Found Etolas Modo's Gadget Shoppe.
 29038 | Bazaar   | Found Poirez's Weapon Shoppe.
 29045 | Bazaar   | Found Lint's Book Shop.
 29050 | Bazaar   | Found Bohuefi's Book Shoppe.
 29222 | Orc:2    | Noticed Azrael
 29235 | Orc:2    | Killed Azrael
 29241 | Orc:2    | Noticed Saint Roka
 29242 | Orc:2    | Noticed Snorg
 29475 | Orc:2    | Killed Saint Roka
 29476 | Orc:2    | Received a gift from Trog
 29506 | Orc:2    | Killed Snorg
 29769 | Orc:2    | Found Lyvoywan's Jewellery Shop.
 29769 | Orc:2    | Found Kake's Armour Shoppe.
 29771 | Orc:2    | Found Sapn's Magic Scroll Emporium.
 29773 | Orc:2    | Found Mosiara's Antique Armour Boutique.
 29790 | Orc:2    | Bought a scroll of remove curse for 45 gold pieces
 29790 | Orc:2    | Bought a scroll of teleportation for 45 gold pieces
 29790 | Orc:2    | Bought a scroll of fog for 30 gold pieces
 29790 | Orc:2    | Bought a scroll of blinking for 112 gold pieces
 29790 | Orc:2    | Bought a scroll of remove curse for 45 gold pieces
 29790 | Orc:2    | Bought a scroll of identify for 30 gold pieces
 29790 | Orc:2    | Bought a scroll of summoning for 142 gold pieces
 29790 | Orc:2    | Bought a scroll of identify for 30 gold pieces
 29790 | Orc:2    | Bought a scroll of brand weapon for 300 gold pieces
 29792 | Orc:2    | Bought the +2 pair of boots of the Moon {+Inv rElec Str+2 Int+4} for 529 gold pieces
 29948 | Elf:1    | Entered Level 1 of the Elven Halls
 30207 | Elf:1    | Identified the Papyrus of Evil Arts
 30357 | Elf:1    | HP: 1/180 [deep elf annihilator/crystal spear (54)]
 30360 | Elf:1    | Got a vibrating wooden ring
 30952 | Elf:1    | Received a gift from Trog
 30956 | Elf:1    | Identified the ring of Peutidoi {SustAt rF+ rN+ Int+3} (You took it off a deep elf archer on level 1 of the Elven Halls)
 31006 | Elf:1    | Reached skill level 15 in Armour
 31447 | Elf:2    | Found Pyats's One-of-a-Kind Books.
 31519 | Elf:2    | Paralysed by a Zot trap for 4 turns
 31658 | Elf:2    | Received a gift from Trog
 31837 | Elf:2    | Found a huge runed gate.
 31837 | Elf:2    | Found a huge runed gate.
 31837 | Elf:2    | Found a huge runed gate.
 31838 | Elf:2    | Found a huge runed gate.
 31843 | Elf:2    | Found a huge runed gate.
 31919 | Elf:2    | Found Ytiom's Gadget Boutique.
 31920 | Elf:2    | Found Jimiufol's Jewellery Emporium.
 31921 | Elf:2    | Found Ticzyap's Gadget Boutique.
 31929 | Elf:2    | Bought a cursed ring of loudness for 76 gold pieces
 32109 | Elf:2    | Reached XP level 19. HP: 188/188 MP: 18/18
 32437 | Elf:3    | Entered Level 3 of the Elven Halls
 32626 | Elf:3    | Received a gift from Trog
 33221 | Elf:3    | Reached skill level 15 in Dodging
 33303 | Elf:3    | Noticed a Brimstone Fiend
 33585 | Elf:3    | Got a bound lead ring
 33592 | Elf:3    | Identified the Handbook of the Congealing Mountains
 33604 | Elf:3    | Identified the Disquisition on Mutagenic Stones
 33633 | Elf:3    | Got a glittering jade ring
 33635 | Elf:3    | Identified the ring of Vanity {MR+ Int-2 Dex+7 SInv} (You found it on level 3 of the Elven Halls)
 33637 | Elf:3    | Identified the ring "Bajox" {rN+ Int+3} (You found it on level 3 of the Elven Halls)
 34367 | Vaults:1 | Found Inaholas's Distillery.
 34420 | Vaults:1 | Received a gift from Trog
 34567 | Vaults:1 | Found Efe Ozea's Book Shop.
 34612 | Vaults:1 | Reached XP level 20. HP: 195/200 MP: 19/19
 34935 | Vaults:1 | Found Asiong's Jewellery Emporium.
 35108 | Vaults:1 | Received a gift from Trog
 35399 | Vaults:1 | Found Worikhai's General Store.
 35408 | Vaults:1 | Bought 2 potions of curing for 120 gold pieces
 35408 | Vaults:1 | Bought a scroll of identify for 40 gold pieces
 35408 | Vaults:1 | Bought a scroll of enchant armour for 150 gold pieces
 35807 | Vaults:2 | Received a gift from Trog
 36271 | Vaults:2 | Found a staircase to the Crypt.
 36542 | Vaults:2 | Found Toerry's Book Shop.
 36804 | Vaults:2 | Received a gift from Trog
 37723 | Vaults:3 | Reached XP level 21. HP: 203/210 MP: 20/20
 38002 | Vaults:3 | Received a gift from Trog
 39221 | Vaults:4 | Noticed Aizul
 39230 | Vaults:4 | Killed Aizul
 39706 | Vaults:5 | Entered Level 5 of the Vaults
 39740 | Vaults:5 | Received a gift from Trog
 39773 | Vaults:5 | HP: 1/212 [stone giant/large rock (36)]
 40078 | Vaults:5 | Reached XP level 22. HP: 118/222 MP: 21/21
 40096 | Vaults:5 | Noticed a golden dragon
 40106 | Vaults:5 | Killed a golden dragon
 40141 | Vaults:5 | Received a gift from Trog
 40195 | Vaults:5 | Got a silver rune of Zot
 40572 | Vaults:5 | Noticed a golden dragon
 40580 | Vaults:5 | Killed a golden dragon
 40687 | Vaults:5 | Got a crude bardiche {chop}
 40698 | Vaults:5 | Identified a +3 rod of inaccuracy (12/12) (You took it off a vault guard on level 5 of the Vaults)
 40700 | Vaults:5 | Identified the cursed +3 bardiche "Diojulem" {chop, Str+3} (You took it off a yaktaur captain on level 5 of the Vaults)
 40828 | Vaults:5 | Got an ancient battleaxe {chop}
 40846 | Vaults:5 | Identified the +8 battleaxe of Execution {chop, Str+4 Stlth+} (You took it off a vault warden on level 5 of the Vaults)
 40857 | Vaults:5 | Received a gift from Trog
 41095 | Vaults:5 | Identified the Compendium of Dark Rites and Fire
 41297 | Vaults:5 | Got a flickering turquoise ring
 41298 | Vaults:5 | Identified the ring "Qarolo" {Ice rElec Str+4 Stlth+} (You took it off an ironbrand convoker on level 5 of the Vaults)
 41339 | Vaults:5 | Identified the Reference Book on Ice and Calling (You found it on level 5 of the Vaults)
 41593 | Vaults:5 | Got a spiked cloak
 41595 | Vaults:5 | Identified the +3 cloak "Fygem" {rC++} (You found it on level 5 of the Vaults)
 42352 | Depths:1 | Entered Level 1 of the Depths
 42352 | Depths:1 | Found a gateway to a ziggurat.
 42636 | Temple   | Entered the Ecumenical Temple
 42801 | Temple   | Fell from the grace of Trog
 42801 | Temple   | Became a worshipper of the Shining One
 43129 | Depths:1 | Reached skill level 1 in Invocations
 43198 | Depths:1 | Noticed Bai Suzhen
 43213 | Depths:1 | Killed Bai Suzhen
 43242 | Depths:1 | Reached * piety under the Shining One
 43248 | Depths:1 | Reached ** piety under the Shining One
 43467 | Depths:1 | Reached XP level 23. HP: 232/232 MP: 24/24
 43606 | Depths:1 | Reached *** piety under the Shining One
 44112 | Depths:1 | Reached **** piety under the Shining One
 44264 | Depths:1 | Noticed a greater mummy
 44272 | Depths:1 | Killed a greater mummy
 44921 | Depths:2 | Reached skill level 5 in Invocations
 45766 | Depths:2 | Found a runed warning-scrawled door.
 45929 | Depths:2 | Found a one-way gate leading to the halls of Pandemonium.
 46281 | Depths:2 | Found a runed door.
 46282 | Depths:2 | Found a runed door.
 46428 | Depths:3 | Reached ***** piety under the Shining One
 46461 | Depths:3 | Reached skill level 1 in Spellcasting
 46610 | Depths:3 | Noticed Margery
 46621 | Depths:3 | Killed Margery
 46621 | Depths:3 | Reached XP level 24. HP: 154/243 MP: 27/27
 46657 | Depths:3 | Identified the Grimoire of Moulding and Sinister Rituals (You found it on level 3 of the Depths)
 46822 | Depths:3 | Found Hoiraic's Distillery.
 46827 | Depths:3 | Bought a potion of heal wounds for 75 gold pieces
 46827 | Depths:3 | Bought a potion of curing for 45 gold pieces
 46827 | Depths:3 | Bought a potion of might for 60 gold pieces
 46827 | Depths:3 | Bought a potion of berserk rage for 75 gold pieces
 46827 | Depths:3 | Bought a potion of haste for 150 gold pieces
 46827 | Depths:3 | Bought a potion of curing for 45 gold pieces
 46827 | Depths:3 | Bought a potion of cure mutation for 375 gold pieces
 46947 | Depths:3 | Found Dead Kuh's Assorted Antiques.
 46954 | Depths:3 | Bought a scroll of identify for 60 gold pieces
 46954 | Depths:3 | Bought a leatherbound book for 450 gold pieces
 46962 | Depths:3 | Found Giarphid's Antique Weapon Shop.
 46999 | Depths:3 | Noticed Boris
 47010 | Depths:3 | Killed Boris
 47063 | Depths:3 | Found a one-way gate to the infinite horrors of the Abyss.
 47271 | Depths:3 | Was forgiven by Trog
 47362 | Depths:4 | Reached ****** piety under the Shining One
 47502 | Depths:4 | Noticed a juggernaut
 47530 | Depths:4 | Killed a juggernaut
 47599 | Depths:4 | Reached skill level 10 in Invocations
 48100 | Depths:5 | Entered Level 5 of the Depths
 48170 | Depths:5 | Noticed Frederick
 48179 | Depths:5 | Killed Frederick
 48468 | Depths:5 | Reached XP level 25. HP: 185/248 MP: 30/30
 48553 | Depths:5 | Got a heavily runed chain mail
 48554 | Depths:5 | Identified the +3 chain mail of the Kraken {+Blink +Inv rF+ rCorr} (You found it on level 5 of the Depths)
 48840 | Depths:5 | Found a gate to the Realm of Zot.
 49309 | Temple   | Identified a +5 broad axe of holy wrath (a +3 broad axe of chopping blessed by the Shining One)
 49309 | Temple   | Received a gift from the Shining One
 49445 | Lair:1   | Learned a level 1 spell: Summon Butterflies
 49448 | Lair:1   | Learned a level 2 spell: Shroud of Golubria
 49451 | Lair:1   | Learned a level 2 spell: Song of Slaying
 49457 | Lair:1   | Learned a level 5 spell: Silence
 49459 | Lair:1   | Learned a level 1 spell: Apportation
 49462 | Lair:1   | Learned a level 2 spell: Blink
 49469 | Lair:1   | Learned a level 6 spell: Deflect Missiles
 49476 | Lair:1   | Learned a level 6 spell: Haste
 49485 | Lair:1   | Learned a level 8 spell: Controlled Blink
 49884 | Crypt:1  | Entered Level 1 of the Crypt
 50095 | Crypt:1  | Reached skill level 5 in Spellcasting
 51020 | Crypt:2  | Found a corrupted altar of Lugonu.
 51611 | Crypt:3  | Entered Level 3 of the Crypt
 51771 | Crypt:3  | Found a staircase to the Tomb.
 51970 | Crypt:3  | Noticed an ancient lich
 51970 | Crypt:3  | Noticed an ancient lich
 52082 | Crypt:3  | Noticed Jorgrun
 52094 | Crypt:3  | Killed Jorgrun
 52103 | Crypt:3  | Killed an ancient lich
 52103 | Crypt:3  | Reached XP level 26. HP: 259/259 MP: 4/32
 52110 | Crypt:3  | Killed an ancient lich
 52139 | Crypt:3  | Noticed an ancient lich
 52141 | Crypt:3  | Noticed an ancient lich
 52148 | Crypt:3  | Killed an ancient lich
 52154 | Crypt:3  | Killed an ancient lich
 52158 | Crypt:3  | Got a crystal battleaxe
 52160 | Crypt:3  | Got a fine ring mail
 52165 | Crypt:3  | Identified Ihycsinas's Guide on Unholy Rites (You found it on level 3 of the Crypt)
 52169 | Crypt:3  | Got a heavily runed ice dragon armour
 52176 | Crypt:3  | Identified the +9 battleaxe "Lejomyem" {holy, rPois SInv} (You found it on level 3 of the Crypt)
 52177 | Crypt:3  | Identified the +7 ice dragon armour of the Duchess {rF- rC++ Dex+8 Stlth-} (You found it on level 3 of the Crypt)
 52179 | Crypt:3  | Identified the +8 ring mail "Sywopo" {Int+7} (You found it on level 3 of the Crypt)
 52229 | Crypt:3  | Got a pair of translucent gloves
 52230 | Crypt:3  | Identified the +1 pair of gloves "Luanubet" {rF- Dex+8} (You found it on level 3 of the Crypt)
 52668 | Tomb:1   | Entered Level 1 of the Tomb of the Ancients
 52832 | Tomb:1   | Got a jade-studded ring mail
 52837 | Tomb:1   | Identified the cursed +1 ring mail of the Crown {rPois MR+ Slay+3} (You found it on level 1 of the Tomb of the Ancients)
 53057 | Tomb:1   | Noticed a greater mummy
 53066 | Tomb:1   | Killed a greater mummy
 53075 | Tomb:1   | Noticed a greater mummy
 53087 | Tomb:1   | Killed a greater mummy
 53193 | Tomb:1   | Noticed a greater mummy
 53205 | Tomb:1   | Killed a greater mummy
 53524 | Tomb:2   | Noticed a greater mummy
 53524 | Tomb:2   | Noticed a greater mummy
 53524 | Tomb:2   | Noticed a greater mummy
 53524 | Tomb:2   | Noticed a greater mummy
 53624 | Tomb:2   | Killed a greater mummy
 53626 | Tomb:2   | Killed a greater mummy
 53629 | Tomb:2   | Killed a greater mummy
 53633 | Tomb:2   | Killed a greater mummy
 54082 | Tomb:1   | Noticed a greater mummy
 54082 | Tomb:1   | Noticed a greater mummy
 54084 | Tomb:1   | Noticed a greater mummy
 54091 | Tomb:1   | Noticed a greater mummy
 54254 | Tomb:1   | Noticed a greater mummy
 54261 | Tomb:2   | Killed a greater mummy
 54261 | Tomb:2   | Reached skill level 15 in Invocations
 54270 | Tomb:2   | Killed a greater mummy
 54488 | Tomb:2   | Killed Boris
 54520 | Tomb:1   | Noticed a greater mummy
 54520 | Tomb:1   | Killed a greater mummy
 54529 | Tomb:2   | Killed a greater mummy
 54811 | Tomb:1   | Killed a greater mummy
 54811 | Tomb:1   | Reached XP level 27. HP: 179/248 MP: 33/33
 54969 | Tomb:1   | Killed a greater mummy
 54969 | Tomb:1   | Reached skill level 27 in Fighting
 54975 | Tomb:1   | Noticed a greater mummy
 54978 | Tomb:1   | Killed a greater mummy
 55037 | Tomb:1   | Noticed a greater mummy
 55053 | Tomb:1   | Killed a greater mummy
 55067 | Tomb:1   | Noticed a greater mummy
 55069 | Tomb:1   | Noticed a greater mummy
 55071 | Tomb:1   | Noticed a greater mummy
 55073 | Tomb:1   | Killed a greater mummy
 55085 | Tomb:1   | Killed a greater mummy
 55087 | Tomb:1   | Killed a greater mummy
 55403 | Tomb:1   | Noticed a greater mummy
 55415 | Tomb:1   | Noticed a greater mummy
 55417 | Tomb:1   | Killed a greater mummy
 55424 | Tomb:1   | Killed a greater mummy
 55516 | Tomb:3   | Entered Level 3 of the Tomb of the Ancients
 55522 | Tomb:3   | Reached skill level 27 in Axes
 55538 | Tomb:3   | Noticed a greater mummy
 55634 | Tomb:3   | Noticed a greater mummy
 55798 | Tomb:3   | Noticed a greater mummy
 55800 | Tomb:3   | Noticed an ancient lich
 55804 | Tomb:3   | Killed a greater mummy
 55962 | Tomb:2   | Killed a greater mummy
 55975 | Tomb:2   | Killed a greater mummy
 56423 | Tomb:3   | Killed an ancient lich
 56647 | Tomb:3   | Noticed a greater mummy
 56656 | Tomb:3   | Noticed a greater mummy
 56656 | Tomb:3   | Killed a greater mummy
 56753 | Tomb:3   | Killed a greater mummy
 57140 | Tomb:3   | Got a heavily runed platinum amulet
 57141 | Tomb:3   | Identified the amulet "Istroaw" {Inacc Int+3 SInv} (You found it on level 3 of the Tomb of the Ancients)
 57153 | Tomb:3   | Got a pair of pitted gloves
 57159 | Tomb:3   | Got a crude lead ring
 57166 | Tomb:3   | Identified the ring "Xuezigg" {rC+ Str+2 Dex+3} (You found it on level 3 of the Tomb of the Ancients)
 57167 | Tomb:3   | Identified the +2 pair of gloves "Oggiomeh" {rPois rF+ rN+ Str+5} (You found it on level 3 of the Tomb of the Ancients)
 57231 | Tomb:3   | Identified Sehes's Tome of Mutagenic Companions
 57241 | Tomb:3   | Learned a level 8 spell: Discord
 57260 | Tomb:3   | Identified the +7 dagger of Funn {vamp, *Noise rElec Str+6 Int+3} (You found it on level 3 of the Tomb of the Ancients)
 57269 | Tomb:3   | Identified the +10 rapier of Reapportionment {antimagic, Str+5 Dex+3} (You found it on level 3 of the Tomb of the Ancients)
 57273 | Tomb:3   | Identified the cursed +1 hand axe "Kiykirch" {elec, Str+5 Int+5} (You found it on level 3 of the Tomb of the Ancients)
 57354 | Tomb:3   | Noticed a greater mummy
 57359 | Tomb:3   | Noticed a greater mummy
 57364 | Tomb:3   | Killed a greater mummy
 57373 | Tomb:3   | Killed a greater mummy
 57378 | Tomb:3   | Noticed a greater mummy
 57386 | Tomb:3   | Killed a greater mummy
 57526 | Tomb:3   | Got a golden rune of Zot
 57582 | Tomb:3   | Identified a scroll of acquirement
 58395 | Zig:1    | Entered Level 1 of a ziggurat
 58419 | Zig:2    | Entered Level 2 of a ziggurat
 58456 | Zig:3    | Entered Level 3 of a ziggurat
 58491 | Zig:4    | Entered Level 4 of a ziggurat
 58527 | Zig:5    | Entered Level 5 of a ziggurat
 58601 | Zig:6    | Entered Level 6 of a ziggurat
 58640 | Zig:6    | Identified Sif Muna's Collected Works on Supportive Orientation
 58651 | Zig:6    | Got a clouded sapphire amulet
 58656 | Zig:6    | Identified the amulet of Acviatez {Gourm Str+5 Slay+2} (You found it on level 6 of a ziggurat)
 58666 | Zig:7    | Entered Level 7 of a ziggurat
 58750 | Zig:8    | Entered Level 8 of a ziggurat
 58815 | Zig:8    | Got a pair of dazzling boots
 58832 | Zig:8    | Identified the +2 pair of boots of Narcissism {rF+} (You found it on level 8 of a ziggurat)
 58838 | Zig:9    | Entered Level 9 of a ziggurat
 59068 | Zig:9    | Identified the Papyrus of Creative Confrontation
 59083 | Zig:9    | Got a pitted plate armour
 59084 | Zig:9    | Identified the +6 plate armour "Sif Yna" {+Fly rF- SInv} (You found it on level 9 of a ziggurat)
 59120 | Zig:10   | Entered Level 10 of a ziggurat
 59173 | Zig:10   | Got a smoking ring mail
 59192 | Zig:10   | Identified the +1 ring mail of the Neverending Deaths {rC+ Stlth+} (You found it on level 10 of a ziggurat)
 59231 | Zig:11   | Entered Level 11 of a ziggurat
 59358 | Zig:12   | Entered Level 12 of a ziggurat
 59372 | Zig:12   | Paralysed by accursed screaming for 2 turns
 59379 | Zig:12   | Paralysed by accursed screaming for 2 turns
 59397 | Zig:12   | Paralysed by accursed screaming for 2 turns
 59752 | Hell     | Entered the Vestibule of Hell
 59752 | Hell     | Noticed Geryon
 59769 | Hell     | Killed Geryon
 59799 | Hell     | Reached skill level 1 in Translocations
 59806 | Hell     | Reached skill level 1 in Air Magic
 59825 | Hell     | Reached skill level 1 in Charms
 59849 | Hell     | Reached skill level 10 in Spellcasting
 59886 | Hell     | Found a gateway to the decaying netherworld of Tartarus.
 60016 | Hell     | Found a gateway to the ashen valley of Gehenna.
 60088 | Hell     | Found a gateway to the Iron City of Dis.
 60131 | Hell     | Found a gateway to the freezing wastes of Cocytus.
 60252 | Geh:1    | Entered Level 1 of Gehenna
 60819 | Geh:3    | Noticed an ancient lich
 60830 | Geh:3    | Killed an ancient lich
 61131 | Geh:7    | Entered Level 7 of Gehenna
 61444 | Geh:7    | Identified Sif Muna's Disquisition on Displacement
 61546 | Geh:7    | Noticed Asmodeus
 61564 | Geh:7    | Killed Asmodeus
 61617 | Geh:7    | Got a fine chain mail
 61639 | Geh:7    | Identified the +4 chain mail of Resonance {Int+2} (You found it on level 7 of Gehenna)
 61644 | Geh:7    | Identified the Guide on Displaced Toxins (You found it on level 7 of Gehenna)
 61651 | Geh:7    | Identified the Disquisition on Unholy Curses (You found it on level 7 of Gehenna)
 61663 | Geh:7    | Got an obsidian rune of Zot
 62041 | Hell     | Learned a level 6 spell: Dispersal
 62075 | Tar:1    | Entered Level 1 of Tartarus
 62490 | Tar:7    | Entered Level 7 of Tartarus
 62695 | Tar:7    | Reached skill level 5 in Air Magic
 62856 | Tar:7    | Reached skill level 5 in Translocations
 62971 | Tar:7    | Noticed Ereshkigal
 62994 | Tar:7    | Killed Ereshkigal
 63060 | Tar:7    | Got a bone rune of Zot
 63062 | Tar:7    | Identified Sif Muna's Reference Book on Torrid Displacement
 63067 | Tar:7    | Got a slimy scale mail
 63072 | Tar:7    | Identified the +3 scale mail "Gomnan" {Str+2} (You found it on level 7 of Tartarus)
 63322 | Hell     | Gained mutation: Your magical capacity is low. (-10% MP) [mutagenic glow]
 63362 | Coc:1    | Entered Level 1 of Cocytus
 63461 | Coc:2    | Reached skill level 5 in Charms
 63912 | Coc:7    | Entered Level 7 of Cocytus
 64231 | Coc:7    | Noticed Antaeus
 64253 | Coc:7    | Killed Antaeus
 64260 | Coc:7    | Got an icy rune of Zot
 64493 | Dis:1    | Entered Level 1 of the Iron City of Dis
 65797 | Dis:7    | Entered Level 7 of the Iron City of Dis
 66027 | Dis:7    | Noticed the Serpent of Hell
 66062 | Dis:7    | Killed the Serpent of Hell
 66269 | Dis:7    | Noticed Dispater
 66316 | Dis:7    | Got an iron rune of Zot
 66327 | Dis:7    | Got a distressingly furry scale mail
 66419 | Dis:7    | Killed Dispater
 66600 | Hell     | Identified the cursed +1 scale mail "Ridaqel" {rN+ Int+4} (You found it on level 7 of the Iron City of Dis)
 66929 | Slime:1  | Entered Level 1 of the Pits of Slime
 67014 | Slime:5  | Entered Level 5 of the Pits of Slime
 67105 | Slime:5  | Found a viscous altar of Jiyva.
 67107 | Slime:5  | Noticed the Royal Jelly
 67150 | Slime:5  | Killed the Royal Jelly
 67186 | Slime:5  | Got a slimy rune of Zot
 67223 | Slime:5  | Got a pair of translucent gloves
 67224 | Slime:5  | Identified the +1 pair of gloves of Ennui {Dex+2} (You found it on level 5 of the Pits of Slime)
 67278 | Slime:5  | Got a faintly glowing lapis lazuli ring
 67282 | Slime:5  | Identified the Tome of Dark Rituals and Conjuration (You found it on level 5 of the Pits of Slime)
 67341 | Slime:5  | Identified the cursed ring of Xetaysoa {MR- MP+9 AC-3 Dex+4} (You found it on level 5 of the Pits of Slime)
 67740 | Pan      | Entered Pandemonium
 67904 | Pan      | Found an exit through the horrors of the Abyss.
 68196 | Pan      | Found a huge runed gate.
 68238 | Pan      | Noticed Taisusek the pandemonium lord
 68255 | Pan      | Killed Taisusek the pandemonium lord
 68457 | Pan      | Found an exit through the horrors of the Abyss.
 68583 | Pan      | Gained mutation: You are occasionally teleported next to monsters. [a cacodemon]
 68606 | Pan      | Lost mutation: Your system is resistant to poisons. (rPois) [potion of cure mutation]
 68606 | Pan      | Lost mutation: Your magical capacity is low. (-10% MP) [potion of cure mutation]
 68606 | Pan      | Lost mutation: You are occasionally teleported next to monsters. [potion of cure mutation]
 69133 | Pan      | Noticed Utisaomu the pandemonium lord
 69145 | Pan      | Killed Utisaomu the pandemonium lord
 69299 | Pan      | Noticed Giced the pandemonium lord
 69318 | Pan      | Killed Giced the pandemonium lord
 69520 | Pan      | Found an exit through the horrors of the Abyss.
 70197 | Pan      | Noticed Yhoirum the pandemonium lord
 70211 | Pan      | Killed Yhoirum the pandemonium lord
 70226 | Pan      | Got a demonic rune of Zot
 70249 | Pan      | Found an exit through the horrors of the Abyss.
 70546 | Pan      | Reached skill level 1 in Hexes
 70699 | Pan      | Found an exit through the horrors of the Abyss.
 70720 | Pan      | Noticed Jyweck the pandemonium lord
 70726 | Pan      | Killed Jyweck the pandemonium lord
 71473 | Pan      | Found an exit through the horrors of the Abyss.
 71935 | Pan      | Noticed Hiloaxud the pandemonium lord
 71942 | Pan      | Killed Hiloaxud the pandemonium lord
 72725 | Pan      | Found an exit through the horrors of the Abyss.
 72799 | Pan      | Noticed Canuyma the pandemonium lord
 72802 | Pan      | Killed Canuyma the pandemonium lord
 73293 | Pan      | Reached skill level 15 in Spellcasting
 73394 | Pan      | Noticed Kixa the pandemonium lord
 73410 | Pan      | Killed Kixa the pandemonium lord
 73418 | Pan      | Found an exit through the horrors of the Abyss.
 74031 | Pan      | Found an exit through the horrors of the Abyss.
 74286 | Pan      | Noticed Bupt the pandemonium lord
 74293 | Pan      | Killed Bupt the pandemonium lord
 74633 | Pan      | Found a runed door.
 74725 | Pan      | Noticed Seluatt the pandemonium lord
 74730 | Pan      | Killed Seluatt the pandemonium lord
 74812 | Pan      | Found an exit through the horrors of the Abyss.
 74964 | Pan      | Reached skill level 10 in Air Magic
 75266 | Pan      | Found an exit through the horrors of the Abyss.
 75411 | Pan      | Gained mutation: Your magical capacity is low. (-10% MP) [a cacodemon]
 75416 | Pan      | Gained mutation: You are clumsy. (Dex -2) [a cacodemon]
 75480 | Pan      | Noticed Jyunkonk the pandemonium lord
 76004 | Pan      | Killed Jyunkonk the pandemonium lord
 76062 | Pan      | Noticed Myarybui the pandemonium lord
 76075 | Pan      | Killed Myarybui the pandemonium lord
 76075 | Pan      | Reached skill level 10 in Translocations
 76405 | Pan      | Found an exit through the horrors of the Abyss.
 76677 | Pan      | Found a runed door.
 76686 | Pan      | Found a runed door.
 76722 | Pan      | Got a vibrating copper ring
 76723 | Pan      | Identified the ring "Irumant" {SustAt rN+ Str+4} (You found it in Pandemonium)
 76902 | Pan      | Found a runed door.
 76927 | Pan      | Found an exit through the horrors of the Abyss.
 77056 | Pan      | Found a runed door.
 77066 | Pan      | Noticed Ihipnef the pandemonium lord
 77071 | Pan      | Killed Ihipnef the pandemonium lord
 77102 | Pan      | Got a heavily runed ivory ring
 77103 | Pan      | Identified the ring "Sosac" {rF+ rC+ MR+} (You found it in Pandemonium)
 77161 | Pan      | Noticed Tiss the pandemonium lord
 77178 | Pan      | Killed Tiss the pandemonium lord
 77415 | Pan      | Reached skill level 5 in Hexes
 77563 | Pan      | Found an exit through the horrors of the Abyss.
 77918 | Pan      | Noticed Ohobugef the pandemonium lord
 77936 | Pan      | Killed Ohobugef the pandemonium lord
 78160 | Pan      | Found an exit through the horrors of the Abyss.
 78492 | Pan      | Learned a level 8 spell: Disjunction
 78612 | Pan      | Entered the realm of Cerebov.
 78710 | Pan      | Found an exit through the horrors of the Abyss.
 79001 | Pan      | Got a wavering pewter amulet
 79002 | Pan      | Identified the amulet "Ilaty" {Dismiss *Corrode Dex+2 Slay+2 Stlth+} (You found it in Pandemonium)
 79136 | Pan      | Noticed Cerebov
 79153 | Pan      | Killed Cerebov
 79211 | Pan      | Got a fiery rune of Zot
 79337 | Pan      | Found an exit through the horrors of the Abyss.
 79590 | Pan      | Noticed Tyuloang the pandemonium lord
 79600 | Pan      | Killed Tyuloang the pandemonium lord
 79729 | Pan      | Reached skill level 10 in Charms
 79887 | Pan      | Gained mutation: You are dopey. (Int -2) [a neqoxec]
 79890 | Pan      | Gained mutation: Scrolls take you a little longer to read. [a neqoxec]
 79894 | Pan      | Lost mutation: You are clumsy. (Dex -2) [potion of cure mutation]
 79894 | Pan      | Lost mutation: Scrolls take you a little longer to read. [potion of cure mutation]
 79894 | Pan      | Lost mutation: Your magical capacity is low. (-10% MP) [potion of cure mutation]
 79894 | Pan      | Lost mutation: You are dopey. (Int -2) [potion of cure mutation]
 80976 | Pan      | Found a glowing silver altar of Zin.
 81335 | Pan      | Noticed a seraph
 81357 | Pan      | Killed a seraph
 81365 | Pan      | Found a glowing golden altar of the Shining One.
 82087 | Pan      | Found an exit through the horrors of the Abyss.
 82528 | Pan      | Noticed Caruinge the pandemonium lord
 82925 | Pan      | Noticed Yfeywk the pandemonium lord
 82925 | Pan      | Found an exit through the horrors of the Abyss.
 83478 | Pan      | Killed Yfeywk the pandemonium lord
 83715 | Pan      | Found an exit through the horrors of the Abyss.
 83829 | Pan      | Noticed Owybeh the pandemonium lord
 83850 | Pan      | Killed Owybeh the pandemonium lord
 84778 | Pan      | Gained mutation: You are frail. (-10% HP) [a cacodemon]
 84794 | Pan      | Lost mutation: You are frail. (-10% HP) [potion of cure mutation]
 84888 | Pan      | Found an exit through the horrors of the Abyss.
 85048 | Pan      | Noticed Kauxaobralo the pandemonium lord
 85060 | Pan      | Killed Kauxaobralo the pandemonium lord
 85808 | Pan      | Got a crude scale mail
 85878 | Pan      | Noticed Atraudid the pandemonium lord
 85894 | Pan      | Killed Atraudid the pandemonium lord
 85955 | Pan      | Identified the +0 scale mail of Efumasar {rC+ Int+6} (You found it in Pandemonium)
 85958 | Pan      | Entered the realm of Gloorx Vloq.
 86221 | Pan      | Found an exit through the horrors of the Abyss.
 86331 | Pan      | Noticed Gloorx Vloq
 86350 | Pan      | Killed Gloorx Vloq
 86523 | Pan      | Got a dark rune of Zot
 86860 | Pan      | Got a warped chain mail
 86861 | Pan      | Identified the +3 chain mail "Zufuth" {rC+} (You found it in Pandemonium)
 87023 | Pan      | Noticed Syix the pandemonium lord
 87042 | Pan      | Killed Syix the pandemonium lord
 87078 | Pan      | Noticed Losyzim the pandemonium lord
 87093 | Pan      | Killed Losyzim the pandemonium lord
 87233 | Pan      | Gained mutation: You are agile. (Dex +2) [a neqoxec]
 87486 | Pan      | Entered the realm of Lom Lobon.
 87486 | Pan      | Found an exit through the horrors of the Abyss.
 88406 | Pan      | Noticed Lom Lobon
 88436 | Pan      | Killed Lom Lobon
 88462 | Pan      | Got a magical rune of Zot
 88642 | Pan      | Noticed Mennas
 88651 | Pan      | Killed Mennas
 88788 | Pan      | Gained mutation: Your spells are a little easier to cast, but a little less powerful. [a cacodemon]
 88797 | Pan      | Reached skill level 27 in Armour
 88850 | Pan      | Noticed Jihoxic the pandemonium lord
 88864 | Pan      | Killed Jihoxic the pandemonium lord
 89189 | Pan      | Noticed Jammidd the pandemonium lord
 89209 | Pan      | Killed Jammidd the pandemonium lord
 89238 | Pan      | Gained mutation: You are dopey. (Int -2) [a neqoxec]
 89249 | Pan      | Found an exit through the horrors of the Abyss.
 89348 | Pan      | Gained mutation: You are very dopey. (Int -4) [a cacodemon]
 89354 | Pan      | Noticed Aqerum the pandemonium lord
 89366 | Pan      | Killed Aqerum the pandemonium lord
 89426 | Pan      | Got a faintly glowing leather armour
 89429 | Pan      | Identified the +1 leather armour "Nofeuk" {Int+4 Dex+2} (You found it in Pandemonium)
 89473 | Pan      | Noticed Feciem the pandemonium lord
 89504 | Pan      | Killed Feciem the pandemonium lord
 89726 | Pan      | Found an exit through the horrors of the Abyss.
 89853 | Pan      | Noticed Senifoy the pandemonium lord
 89870 | Pan      | Killed Senifoy the pandemonium lord
 89967 | Pan      | Entered the realm of Mnoleg.
 89999 | Pan      | Lost mutation: You are very dopey. (Int -4) [a neqoxec]
 90010 | Pan      | Found an exit through the horrors of the Abyss.
 90064 | Pan      | Gained mutation: Your body sometimes deteriorates upon taking damage. [a neqoxec]
 90115 | Pan      | Gained mutation: You are weak. (Str -2) [a cacodemon]
 90116 | Pan      | Lost mutation: You are agile. (Dex +2) [a cacodemon]
 90158 | Pan      | Noticed Mnoleg
 90158 | Pan      | Gained mutation: Armour fits poorly on your strangely shaped body. [a cacodemon]
 90180 | Pan      | Gained mutation: Scrolls take you a little longer to read. [a cacodemon]
 90186 | Pan      | Killed Mnoleg
 90193 | Pan      | Paralysed by a giant eyeball for 3 turns
 90229 | Pan      | Gained mutation: You tend to lose your temper in combat. [a neqoxec]
 90276 | Pan      | Got a glowing rune of Zot
 90281 | Pan      | Gained mutation: You expend magic power (3 MP) to strengthen your wands. [a neqoxec]
 90382 | Pan      | Lost mutation: Armour fits poorly on your strangely shaped body. [potion of cure mutation]
 90382 | Pan      | Lost mutation: Your body sometimes deteriorates upon taking damage. [potion of cure mutation]
 90382 | Pan      | Lost mutation: Scrolls take you a little longer to read. [potion of cure mutation]
 90382 | Pan      | Lost mutation: You tend to lose your temper in combat. [potion of cure mutation]
 90382 | Pan      | Lost mutation: Your spells are a little easier to cast, but a little less powerful. [potion of cure mutation]
 90382 | Pan      | Lost mutation: You are dopey. (Int -2) [potion of cure mutation]
 90384 | Pan      | Took an exit into the Abyss.
 90384 | Abyss:1  | Escaped into the Abyss
 90577 | Abyss:1  | Gained mutation: You are very dopey. (Int -4) [a shining eye]
 90581 | Abyss:1  | Lost mutation: You are dopey. (Int -2) [potion of cure mutation]
 90581 | Abyss:1  | Lost mutation: You expend magic power (3 MP) to strengthen your wands. [potion of cure mutation]
 90581 | Abyss:1  | Lost mutation: You are weak. (Str -2) [potion of cure mutation]
 90703 | Abyss:1  | Gained mutation: You are clumsy. (Dex -2) [a neqoxec]
 90779 | Abyss:2  | Found a stormy altar of Qazlal.
 90786 | Abyss:2  | Found a stormy altar of Qazlal.
 91545 | Abyss:3  | Got an abyssal rune of Zot
 91812 | Depths:2 | Escaped the Abyss
 91911 | Zot:1    | Entered Level 1 of the Realm of Zot
 94396 | Zot:4    | Reached skill level 27 in Invocations
 95289 | Zot:5    | Entered Level 5 of the Realm of Zot
 95370 | Zot:5    | Reached skill level 10 in Hexes
 95504 | Zot:5    | Noticed an ancient lich
 95517 | Zot:5    | Killed an ancient lich
 95716 | Zot:5    | Reached skill level 27 in Shields
 95839 | Zot:5    | Noticed an orb of fire
 95847 | Zot:5    | Killed an orb of fire
 95991 | Zot:5    | Noticed an orb of fire
 96004 | Zot:5    | Killed an orb of fire
 96070 | Zot:5    | Got a scorched chain mail
 96071 | Zot:5    | Identified the cursed +1 chain mail of Panentheism {rPois} (You found it on level 5 of the Realm of Zot)
 96249 | Zot:5    | Got the Orb of Zot
 96354 | Zot:3    | Noticed Zexicre the pandemonium lord
 96367 | Zot:3    | Killed Zexicre the pandemonium lord
 96598 | D:15     | Gained mutation: Scrolls take you a little longer to read. [a cacodemon]
 96599 | D:15     | Gained mutation: You are weak. (Str -2) [a cacodemon]
 96613 | D:15     | Lost mutation: You are weak. (Str -2) [potion of cure mutation]
 96613 | D:15     | Lost mutation: You are clumsy. (Dex -2) [potion of cure mutation]
 96613 | D:15     | Lost mutation: Scrolls take you a little longer to read. [potion of cure mutation]
 96647 | D:14     | Gained mutation: You have a pair of large horns on your head. [potion of beneficial mutation]
 96670 | D:14     | Noticed Foso the pandemonium lord
 96828 | D:8      | Noticed Yrghats the pandemonium lord
 96843 | D:8      | Killed Yrghats the pandemonium lord
 97044 | D:3      | Noticed George's ghost (amateur MiFi)
 97049 | D:3      | Killed George's ghost
 97123 | D:$      | Escaped with the Orb!

Vault maps used:
D:1:      noname_arrival_rooms_in_the_neighbourhood, minmay_tetromino_t2
D:2:      grunt_temple_overflow_diamond, ashenzari_altar_1, uniq_robin
D:3:      overflow_temple_1_default, first_bread
D:4:      wad_crossroads, uniq_crazy_yiuf_cottage
D:5:      nicolae_overflow_crystal_walls, minmay_misc_feat_rugged,
          uniq_menkaure, uniq_blork_the_orc
D:6:      minmay_misc_feat_hallway, uniq_duvessa
D:7:      the_bakery, minmay_misc_feat_pillars, kennysheep_generic_room_6
D:8:      lemuel_upstairs_altar, dpeg_oklobed_lair, serial_shops,
          nicolae_shop_waterfront, serial_glass, glass_columns_a,
          glass_columns_a, due_unseen_surprise, uniq_gastronok, uniq_erica,
          uniq_prince_ribbit1
D:9:      orc_david_3
D:10:     minivault_19
D:11:     grunt_ministairs_12, minivault_24, grunt_pakellas_salt, uniq_psyche,
          uniq_urug
D:12:     st_stairs_4, nicolae_underground_beach
D:13:     enter_trove_0, basic_altar, kennysheep_kite_vault, uniq_kirke
D:14:     david_vaults_3, minmay_fountain_box, serial_shops, shop,
          hangedman_devilish_allure, uniq_rupert
D:15:     grunt_enter_depths_snipers, nicolae_ru_path_of_blood, uniq_louise
Temple:   regret_index_temple_sphere_string
Lair:1:   special_room, beast_lair_carwin_5
Lair:2:   dummy_spider_entry, portal_ice_cave_entry_ice_beasts,
          nicolae_quartered_pool_medium, minmay_lair_oklob_bushes
Lair:3:   beast_lair_carwin_large_3
Lair:4:   minmay_shoals_entry_hut, beast_lair_carwin_8
Lair:5:   slime_altar_1, serial_bayou_shore_b, grunt_megastairs_5
Lair:6:   evil_forest, eino_small_chamber_without_monster, grunt_megastairs_3
Shoals:1: cheibrodos_shoals_oceanic_diplomacy
Shoals:2: hangedman_shoals_cup_caves, uniq_polyphemus
Shoals:4: shoals_end_grunt_garden, shoal_ilsuiw
Spider:2: uniq_frances, uniq_arachne
Spider:4: spider_rune_water, spider_trap, nicolae_spider_cling_ruins
Slime:3:  basic_altar
Slime:4:  cheibrodos_slime_lost_civilization_4
Orc:1:    uniq_josephine
Orc:2:    st_orc_rangers, serial_shops, bzr_in_the_mist, uniq_azrael,
          uniq_snorg, uniq_saint_roka
Elf:1:    minmay_guarded_unrand_high_council, minmay_elf_necromancy,
          grunt_ministairs_14
Elf:2:    nicolae_rare_books, minmay_shop_grove
Elf:3:    minmay_elf_hall_circle
Vaults:1: vaults_room_pools, hangedman_vaults_cutoff,
          nicolae_vaults_network_quinsquares, hangedman_vaults_pinch,
          v_pattern_1, nicolae_vaults_sealed_display,
          nicolae_vaults_statue_guard, hangedman_vaults_cutoff,
          nicolae_vaults_specimen_jars, nicolae_vaults_gold_heap, serial_shops,
          nicolae_shop_waterfront, nicolae_shop_statue_plus, shop, shop
Vaults:2: minmay_crypt_entry_skeletal_spiral, v_misc_23, grunt_vaults_bifocal,
          nicolae_vaults_halls_meeting, nicolae_vaults_ring_of_whatevers,
          vaults_dpeg_encased_lava, v_misc_22, v_misc_3,
          nicolae_vaults_little_ls, grunt_vaults_twisty, grunt_vaults_funnel,
          ontoclasm_vaults_spin, nicolae_vaults_shelves_hall,
          nicolae_vaults_border_crossing, v_misc_1, v_alt_pattern_1,
          serial_shops, shop
Vaults:3: nicolae_vaults_asterisk, hangedman_vaults_nodes, v_misc_5,
          hangedman_vaults_cutoff, vaults_dpeg_cross, v_misc_1,
          nicolae_vaults_c_with_doors, nicolae_vaults_network_periphery,
          v_misc_15, ontoclasm_vaults_loading_screen
Vaults:4: grunt_vaults_hallway_short, nicolae_vaults_mini_display_case,
          hangedman_vaults_stretched_pinwheel, v_misc_9,
          ontoclasm_vaults_shuriken, hangedman_vaults_nails,
          nicolae_vaults_yaktaur_gun_rack, v_rooms_3, uniq_aizul
Crypt:1:  grunt_deathspiral_small, evilmike_ambush
Crypt:2:  due_chaos_kobolds
Crypt:3:  david_glass_crypt, tomb_entry_forgotten_bobbens, serial_sigils,
          serial_sigils_hangedman_scratch, serial_sigils_hangedman_leer,
          serial_sigils_hangedman_etch, serial_sigils_hangedman_clutch,
          uniq_jorgrun
Tomb:2:   uniq_boris
Depths:1: ragdoll_tomb_raider, ziggurat_fallback,
          grunt_hell_entry_demonic_statue, minmay_door_square,
          nrook_mini_backslash, minmay_swirly_circle, uniq_bai_suzhen
Depths:2: nicolae_whirlpool, rand_demon_pan_entry_8, hell_entry,
          kennysheep_pointless_box, mikee_hates_you, firewood_loft
Depths:3: grunt_crosshair, serial_shops, kennysheep_little_box, shop_statue,
          nicolae_shop_trees, pan_entry, hangedman_geh_valley, abyss_entry,
          grunt_ministairs_9, minmay_crystal_room, small_statue_intersection,
          uniq_boris, uniq_margery
Depths:4: cheibrodos_leafed_vault, hell_entry, abyss_entry, minmay_misc_feat_chi
Depths:5: grunt_zot_entry_pinwheel, hex_intersection, hell_entry, uniq_frederick
Dis:1:    grunt_megastairs_4
Dis:5:    lemuel_elevator
Dis:7:    iron_city_of_dis
Geh:3:    special_room, hangedman_hellfire_club
Geh:7:    geh_mu
Coc:7:    coc_old
Tar:2:    lemuel_nasty_fountain, grunt_megastairs_2
Tar:3:    minmay_shadows
Tar:5:    lemuel_nasty_fountain
Tar:7:    tar_minmay_river
Zot:3:    lemuel_elevator
Zot:4:    st_stairs_5
Abyss:3:  due_evilmike_abyss_rune_seething_liches
Pan:      nicolae_pan_giant_door, pan_blood_fountain,
          nicolae_pan_gloorx_vloqian_1, evilmike_mini_pan_corner,
          nicolae_pan_cerebovesque_2, evilmike_mini_pan_layers, rand_demon_8,
          nicolae_pan_diamonds, reaverb_pan_squares, pan_disco_hall,
          pan_blood_fountain_2, evilmike_mini_pan_diamond,
          pan_blood_fountain_small, pan_surprise, lemuel_hall_of_pain,
          evilmike_mini_pan_corner, pan_blood_fountain, rand_demon_9,
          pan_blood_fountain, pan_blood_fountain_small, grunt_pan_frozen_over,
          pan_blood_fountain_small, nicolae_pan_glass_arcs, rand_demon_7,
          evilmike_mini_pan_corner, pan_blood_fountain, rand_demon_3, cerebov,
          evilmike_mini_pan_pillars_b, evilmike_holy_pan, lemuel_hellion_island,
          evilmike_mini_pan_diamond, pan_blood_fountain_2, grunt_pan_sceptre,
          pan_blood_fountain_small, grunt_pan_zigzag, pan_blood_fountain_small,
          evilmike_mini_pan_3x3, pan_blood_fountain_small,
          evilmike_mini_pan_possible_glass, pan_blood_fountain_small,
          gloorx_vloq, evilmike_mini_pan_other_thingy, pan_blood_fountain_small,
          nicolae_pan_sigil_eeng, evilmike_mini_pan_layers,
          pan_blood_fountain_2, rand_demon_3, nicolae_pan_cerebovesque_3,
          regret_index_pan_draining_boxed, evilmike_mini_pan_corner,
          evilmike_mini_pan_V, pan_blood_fountain, evilmike_mini_pan_doors_b,
          evilmike_mini_pan_other_thingy, nicolae_pan_lom_lobonic_2,
          lom_lobon_spiral_st, evilmike_mini_pan_corridor, uniq_mennas_pan,
          evilmike_mini_pan_other_thingy, grunt_pan_zigzag,
          nicolae_pan_strange_glyphs, reaverb_pan_figure_eight, rand_demon_8,
          pan_blood_fountain_small, evilmike_mini_pan_corridor,
          nicolae_pan_diamonds, nicolae_pan_lom_lobonic_1, rand_demon_3,
          rand_demon_1, pan_blood_fountain_small, evilmike_mini_pan_T,
          mnoleg_grunt_wretched_star
Zig:5:    ziggurat_pillar_centre_c
Zig:9:    ziggurat_pillar_centre_oklobs
Zig:10:   ziggurat_pillar_centre_dead_trees
Bazaar:   bazaar_kb_twisted_cavern
IceCv:    ice_cave_caverns_03

Skill      XL: |  1  2  3  4  5  6  7  8  9 10 11 12 13 14 15 16 17 18 19 20 21 22 23 24 25 26 27 |
---------------+----------------------------------------------------------------------------------+-----
Axes           | 4 5 6 7 9 10 11 13 14 15 16 17 18 19 20 21 22 23 24 25 26 27 | 27.0
Fighting       | 4 5 6 7 9 10 12 13 14 15 16 18 19 20 21 22 23 24 25 26 27 | 27.0
Armour         | 3 4 5 6 7 8 9 10 11 12 13 14 15 16 17 18 19 20 21 27 | 27.0
Dodging        | 3 4 5 6 7 8 9 10 11 12 13 14 15 16 17 18 19 20 26 | 26.7
Shields        | 2 6 8 10 12 13 15 16 17 27 | 27.0
Invocations    | 2 7 11 13 15 27 | 27.0
Spellcasting   | 2 4 5 7 19 | 19.6
Translocations | 14 | 14.1
Air Magic      | 14 | 14.3
Charms         | 13 | 13.2
Hexes          | 10 | 10.9

Action                   |  1- 3 |  4- 6 |  7- 9 | 10-12 | 13-15 | 16-18 | 19-21 | 22-24 | 25-27 || total
-------------------------+-------+-------+-------+-------+-------+-------+-------+-------+-------++-------
Melee: Hand axe          |    60 |   133 |   186 |   547 |  1198 |   780 |       |       |       ||  2904
       Headbutt          |    13 |    30 |    41 |   139 |   299 |   385 |   410 |   496 |  2549 ||  4362
       War axe           |       |    49 |    18 |       |       |       |       |       |       ||    67
       Broad axe         |       |       |       |       |    11 |   904 |  1315 |  1363 |  8325 || 11918
 Cast: Apportation       |       |       |       |       |       |       |       |       |     1 ||     1
       Deflect Missiles  |       |       |       |       |       |       |       |       |     1 ||     1
Invok: Berserk           |     2 |     3 |     2 |     4 |     9 |    10 |     1 |     1 |       ||    32
       Brothers in Arms  |       |       |       |       |     4 |     2 |     2 |     2 |       ||    10
       Burn Spellbooks   |       |       |       |       |     1 |     1 |       |     2 |       ||     4
       Trog's Hand       |       |       |       |       |       |     1 |     1 |     1 |       ||     3
       Cleansing Flame   |       |       |       |       |       |       |       |     3 |    29 ||    32
       Brand Weapon With |       |       |       |       |       |       |       |       |     1 ||     1
       Summon Divine War |       |       |       |       |       |       |       |       |    42 ||    42
       Divine Shield     |       |       |       |       |       |       |       |       |     1 ||     1
Evoke: Wand              |       |       |       |     1 |       |     1 |     2 |     5 |    37 ||    46
  Use: Scroll            |       |       |       |    25 |    10 |    13 |     7 |    17 |   118 ||   190
       Potion            |       |       |       |     1 |     1 |     3 |     6 |     5 |    45 ||    61
 Stab: Distracted        |       |       |       |       |     2 |       |     2 |     1 |       ||     5
       Petrified         |       |       |       |       |       |     2 |       |       |       ||     2
       Held in net/web   |       |       |       |       |       |     1 |       |       |       ||     1
       Petrifying        |       |       |       |       |       |       |       |       |     4 ||     4
       Paralysed         |       |       |       |       |       |       |       |       |     2 ||     2
  Eat: Chunk             |       |     8 |     9 |    17 |    17 |    44 |    23 |    11 |     1 ||   130
       Bread ration      |       |     1 |       |       |     2 |     1 |       |     3 |    17 ||    24
       Beef jerky        |       |       |       |       |     2 |     4 |       |       |    13 ||    19
       Pizza             |       |       |       |       |     1 |     3 |     1 |     2 |    14 ||    21
       Fruit             |       |       |       |       |     2 |       |       |       |       ||     2
       Meat ration       |       |       |       |       |     2 |       |       |     2 |    19 ||    23
       Royal jelly       |       |       |       |       |       |       |       |       |     9 ||     9
Armor: Scale mail        |    16 |    29 |       |       |       |       |       |       |       ||    45
       Crystal plate arm |       |    90 |   150 |   285 |   558 |   547 |   228 |   372 |    24 ||  2254
       Gold dragon armou |       |       |       |       |       |       |       |       |  1811 ||  1811
Dodge: Dodged            |    45 |    67 |    56 |   224 |   297 |   349 |   283 |   554 |  2759 ||  4634
       Deflected         |       |       |       |       |       |       |       |       |     4 ||     4
Block: Shield            |       |       |       |     2 |   980 |  1405 |   815 |  1218 |  4096 ||  8516
       Reflection        |       |       |       |     1 |    10 |   233 |   111 |   117 |   187 ||   659
       Large shield      |       |       |       |       |       |       |       |       |  3366 ||  3366
